 Dungeon Crawl Stone Soup version 0.31.0-32-g396128a36d (webtiles) character file.

Game seed: 8159543362961247599

41197 tykejmi the Arsonist (level 13, -17/108 HPs)
             Began as a Green Draconian Fire Elementalist on Apr 20, 2024.
             Was an Elder of Vehumet.
             Killed by an exploding war gargoyle (30 damage)
             ... ignited by their inner flame
             ... on level 13 of the Dungeon.
             The game lasted 00:38:14 (24575 turns).

tykejmi the Arsonist (DrFE)                        Turns: 24575, Time: 00:38:14

Health: -17/108    AC: 15    Str: 10    XL:     13   Next: 78%
Magic:  4/29       EV: 14    Int: 26    God:    Vehumet [****..]
Gold:   1104       SH:  6    Dex: 13    Spells: 21/37 levels left

rFire   . . .        (no weapon)
rCold   . . .        N - +0 buckler
rNeg    . . .        (body armour unavailable)
rPois   +            P - +2 hat {SInv}
rElec   .            I - +1 cloak {rPois}
rCorr   .            O - +0 pair of gloves
SInv    +            x - +1 pair of boots
Will    .....        (no amulet)
Stlth   ++           s - ring of flight
HPRegen 0.38/turn    b - +6 ring of intelligence
MPRegen 0.21/turn

%: no passive effects
@: short of breath, flying, invisible
A: breathe noxious fumes, AC +8, unfitting armour, poison resistance,
cold-blooded
a: Breathe Noxious Fumes, Renounce Religion


You were on level 13 of the Dungeon.
You worshipped Vehumet.
Vehumet was greatly pleased with you.
You visited 3 branches of the dungeon, and saw 16 of its levels.

You collected 1104 gold pieces.

Inventory:

Hand Weapons
 c - a +0 dagger
 n - a +0 short sword
 w - a +2 dagger of electrocution
Missiles
 M - 3 throwing nets
Armour
 x - a +1 pair of boots (worn)
 I - a +1 cloak of poison resistance (worn)
 N - a +0 buckler (worn)
 O - a +0 pair of gloves (worn)
 P - a +2 hat of see invisible (worn)
Jewellery
 b - a +6 ring of intelligence (right hand)
 s - a ring of flight (left hand)
 u - a +4 ring of slaying
 J - a +4 ring of protection
 Q - a ring of resist corrosion
 T - a ring of positive energy
Wands
 q - a wand of paralysis (7)
 B - a wand of acid (4)
 D - a wand of flame (19)
 S - a wand of iceblast (3)
Scrolls
 a - a scroll of amnesia
 d - 3 scrolls of teleportation
 h - a scroll of fog {unknown}
 i - 4 scrolls of enchant armour
 j - 2 scrolls of immolation
 o - a scroll of butterflies
 r - 3 scrolls of noise {unknown}
 t - 2 scrolls of vulnerability
 v - 6 scrolls of fear
 y - 6 scrolls of revelation
 E - a scroll of poison {unknown}
 K - a scroll of blinking {unknown}
Potions
 f - 4 potions of haste
 g - 3 potions of mutation
 k - 4 potions of brilliance
 l - 6 potions of curing
 m - 4 potions of resistance
 p - 2 potions of attraction
 z - 3 potions of lignification
 C - 5 potions of might
 U - 2 potions of berserk rage {unknown}
Miscellaneous
 L - a phantom mirror


   Skills:
 * Level 8.3 Fighting
 * Level 7.0 Dodging
 - Level 1.7 Stealth
 * Level 7.4 Shields
 * Level 12.5 Spellcasting
 * Level 7.9 Conjurations
 + Level 3.6 Hexes
 * Level 13.2 Fire Magic


You had 21 spell levels left.
You knew the following spells:

 Your Spells              Type           Power      Damage    Failure   Level
a - Foxfire               Conj/Fire      100%       2x1d9     1%          1
b - Scorch                Fire           100%       2d9       1%          2
c - Inner Flame           Hex/Fire       57%        N/A       1%          3
d - Flame Wave            Conj/Fire      64%        2d15      1%          4
e - Starburst             Conj/Fire      32%        6d10      2%          6

Your spell library contained the following spells:

 Spells                   Type           Power      Damage    Failure   Level
 Kiss of Death            Conj/Necr      100%       2d13      1%          1
 Magic Dart               Conj           100%       1d8       1%          1
 Slow                     Hex            100%       N/A       1%          1
 Stone Arrow              Conj/Erth      74%        3d11      1%          3
 Volatile Blastmotes      Fire/Tloc      100%       2d18      1%          3
 Confusing Touch          Hex            35%        N/A       3%          3
 Sigil of Binding         Hex            35%        N/A       3%          3
 Blink                    Tloc           32%        N/A       8%          2
 Call Imp                 Summ           32%        N/A       8%          2
 Vampiric Draining        Necr           16%        2d7       14%         3
 Dispel Undead            Necr           16%        3d10      43%         4
 Summon Cactus Giant      Summ           8%         N/A       100%        6
 Lehudib's Crystal Spear  Conj/Erth      18%        10d6      100%        8
 Animate Armour           Summ/Erth      Unusable   N/A       N/A         4

Dungeon Overview and Level Annotations

Branches:
Dungeon (14/15)            Temple (1/1) D:4            Lair (0/5) D:9
    Orc (1/2) D:11         Vaults (0/5) D:13

Altars:
Ashenzari
Cheibriados
Dithmenos
Elyvilon
Fedhas
Gozag
Hepliaklqana
Kikubaaqudgha
Makhleb
Nemelex Xobeh
Okawaru
Qazlal
Ru
Sif Muna
Trog
Uskayaw
Vehumet
Wu Jian
Xom
Yredelemnul
Zin
The Shining One

Shops:
D:2 :   D:3 *   D:6 [

Annotations:
D:13 2 runed translucent doors, 00Nightcrawler's ghost, journeyman VSSh
D:14 1 runed translucent door


Innate Abilities, Weirdness & Mutations

You can breathe blasts of noxious fumes.
Your lurid green scales are hard. (AC +8)
You cannot fit into any form of body armour.
Your system is resistant to poisons. (rPois)
You are cold-blooded and may be slowed by cold attacks.


Message History

You fly upwards.
Level annotation: 2 runed translucent doors, 00Nightcrawler's ghost, journeyman VSSh
There is a stone staircase leading down here.
Unknown command.
Unknown command.
Casting: Foxfire (safe; 1% risk of failure)
Press: ? - help, Q - select action, (/) - cycle Dir - look around, f - activate You conjure some foxfire!
The war gargoyle launches metal splinters at you.
The spray of metal splinters hits you but does no damage.
Unknown command.
Your foxfire dissipates!
The foxfire hits the war gargoyle but does no damage.
The war gargoyle is severely damaged.
The war gargoyle barely misses you.
Unknown command.
You feel much better.
The war gargoyle hits you with a +0 morningstar!!
* * * LOW HITPOINT WARNING * * *
Okay, then.
Okay, then.
Aiming: Corrosive Bolt
Press: ? - help, Shift-Dir - straight line The bolt of acid hits the war gargoyle.
The acid corrodes the war gargoyle!
Flame seeps out of the war gargoyle.
The war gargoyle is almost destroyed.
The war gargoyle is engulfed in blazing flames.
Flame seeps out of the war gargoyle.
You block the war gargoyle's attack.
The war gargoyle launches metal splinters at you.
The spray of metal splinters hits you but does no damage.
Okay, then.
Aiming: Corrosive Bolt
Press: ? - help, Shift-Dir - straight line, f - war gargoyle
Aim: a war gargoyle, wielding a +0 morningstar (almost destroyed, inner flame, catching its breath, covered in acid, 94% to hit)
The bolt of acid hits the war gargoyle!
Vehumet accepts your kill.
You feel your power returning.
The war gargoyle explodes!
The fiery explosion engulfs you!!
You die...

.........##..........##..........
##.......##......................
..####.####.##....##.###.....[...
..# #..###.##....##.# ##........
..# ##..##.##....##.# #........
..# ##.##.......#..# #........
..# #......####..## #########
.>## ####.....##§##############
...# #.###.@§°........).....
...##############################
.........).......................
##..#############################
#...............# #..
##.############.# #.#
#.##.)......)..# #..
###.##.########### ### ..#.##.#


There were no monsters in sight!

Vanquished Creatures
  A tengu reaver (D:14)
  A war gargoyle (D:13)
  Fannar (D:11)
  2 hydras (D:14)
  8 vault guards
  Harold (D:11)
  4 centaur warriors
  A boulder beetle (D:14)
  A catoblepas (D:14)
  A death yak (D:8)
  4 two-headed ogres
  A deep troll earth mage (D:14)
  Urug (D:10)
  Amaemon (D:8)
  Lodul (D:11)
  An arcanist (D:13)
  Pikel (D:3)
  6 ugly things
  3 deep elf pyromancers
  Maurice (D:10)
  5 cyclopes
  An orange demon (D:8)
  4 gargoyles
  Maggie (D:10)
  4 unseen horrors
  A freezing wraith (D:14)
  A tengu conjurer (D:13)
  A polar bear (D:14)
  Grinder (D:3)
  3 hornets (D:8)
  5 trolls
  A slime creature (D:9)
  A shadow (D:11)
  A spriggan (D:12)
  3 wraiths
  A centaur simulacrum (D:14)
  A basilisk (D:11)
  2 wyverns (D:9)
  8 yaks
  6 steam dragons
  3 vampire mosquitoes (D:14)
  4 acid dragons
  A water moccasin (D:5)
  Pargi (D:3)
  3 ice beasts
  6 black bears
  11 orc warriors
  A meliai simulacrum (D:14)
  2 sky beasts
  A wolf (D:14)
  11 centaurs
  10 ogres
  3 lemures (D:4)
  2 phantoms (D:6)
  6 kobold brigands
  5 gnoll sergeants
  3 scorpions (D:5)
  5 bullfrogs
  A burial acolyte (D:7)
  6 wights (D:8)
  6 killer bees
  3 electric eels (D:9)
  7 howler monkeys
  2 jellies
  4 hounds
  7 orc priests
  4 gnoll boudas
  Crazy Yiuf (D:4)
  A sleepcap (D:4)
  5 iguanas
  15 orc wizards
  31 gnolls
  11 adders
  3 white imps
  2 ufetubi (D:14)
  2 dart slugs
  2 ribbon worms
  38 orcs
  14 ball pythons
  4 bats
  8 endoplasms
  3 giant cockroaches
  12 goblins
  5 hobgoblins
  A jackal (D:1)
  A quokka (D:1)
  4 frilled lizards
  4 jackal zombies (D:7)
  32 kobolds
  A rat (D:1)
410 creatures vanquished.

Vanquished Creatures (collateral kills)
  A black bear (D:8)
1 creature vanquished.

Vanquished Creatures (others)
  1027 foxfires
1027 creatures vanquished.

Grand Total: 1438 creatures vanquished

Notes
Turn   | Place    | Note
-------+----------+-------------------------------------------
     0 | D:1      | tykejmi the Draconian Fire Elementalist began the quest for
                  | the Orb.
     0 | D:1      | Reached XP level 1. HP: 14/14 MP: 3/3
   375 | D:1      | Reached XP level 2. HP: 20/20 MP: 1/5
  1102 | D:2      | Reached XP level 3. HP: 17/27 MP: 2/6
  1285 | D:2      | Found Jumex's Vocational Training.
  1428 | D:1      | Reached skill level 1 in Fighting
  1579 | D:2      | Reached XP level 4. HP: 34/35 MP: 3/7
  1886 | D:3      | Noticed Pargi
  2119 | D:3      | Found Kiumpeaz's Assorted Antiques.
  2596 | D:3      | Noticed Grinder
  2605 | D:3      | Paralysed by Grinder for 3 turns
  2618 | D:3      | Killed Grinder
  2619 | D:3      | Reached skill level 1 in Shields
  2619 | D:3      | Reached skill level 4 in Fire Magic
  2619 | D:3      | Reached XP level 5. HP: 26/41 MP: 0/10
  2619 | D:3      | Reached XP level 6. HP: 30/48 MP: 0/11
  2803 | D:3      | Found a shimmering blue altar of Sif Muna.
  2824 | D:3      | Killed Pargi
  3130 | D:3      | Learned a level 2 spell: Scorch
  3622 | D:3      | Found a shimmering altar of Xom.
  3912 | D:4      | Noticed Pikel
  4001 | D:4      | Your scales start taking on a lurid green colour.
  4001 | D:4      | Reached XP level 7. HP: 42/55 MP: 6/13
  4001 | D:4      | Gained mutation: Your system is resistant to poisons.
                  | (rPois) [Green Draconian growth]
  4752 | D:4      | Found a staircase to the Ecumenical Temple.
  4784 | Temple   | Entered the Ecumenical Temple
  4799 | Temple   | Became a worshipper of Vehumet
  4992 | D:4      | Found a runed translucent door.
  4993 | D:4      | Noticed Crazy Yiuf
  5216 | D:4      | Reached skill level 5 in Fire Magic
  5232 | D:3      | Killed Pikel
  5233 | D:3      | Reached skill level 5 in Spellcasting
  5233 | D:3      | Reached XP level 8. HP: 63/63 MP: 6/15
  5888 | D:4      | Killed Crazy Yiuf
  5965 | D:5      | Entered Level 5 of the Dungeon
  6047 | D:5      | Reached skill level 6 in Fire Magic
  6528 | D:5      | Reached * piety under Vehumet
  6528 | D:5      | Offered knowledge of Freeze by Vehumet.
  6901 | D:5      | Reached XP level 9. HP: 71/71 MP: 14/18
  7450 | D:6      | Learned a level 3 spell: Inner Flame
  7652 | D:6      | Reached skill level 7 in Fire Magic
  8450 | D:6      | Found Koram's Antique Armour Shop.
  8880 | D:7      | Offered knowledge of Sting by Vehumet.
  9124 | D:7      | Reached ** piety under Vehumet
  9266 | D:7      | Reached skill level 1 in Hexes
  9266 | D:7      | Reached skill level 8 in Fire Magic
  9597 | D:7      | Reached XP level 10. HP: 80/80 MP: 17/21
  9871 | D:7      | Reached skill level 5 in Conjurations
 10196 | D:7      | Found an ancient bone altar of Kikubaaqudgha.
 10551 | D:8      | Offered knowledge of Mercury Vapours by Vehumet.
 10616 | D:8      | Reached skill level 5 in Fighting
 10888 | D:8      | Noticed a centaur warrior
 10889 | D:8      | Killed a centaur warrior
 10889 | D:8      | Reached *** piety under Vehumet
 10890 | D:8      | Reached skill level 9 in Fire Magic
 10981 | D:8      | Noticed Amaemon
 10989 | D:8      | Killed Amaemon
 11009 | D:8      | Found a shadowy altar of Dithmenos.
 11111 | D:8      | Found a stormy altar of Qazlal.
 11228 | D:8      | Reached skill level 5 in Shields
 11352 | D:8      | Noticed a centaur warrior
 11432 | D:8      | Offered knowledge of Dazzling Flash by Vehumet.
 11622 | D:8      | Killed a centaur warrior
 11623 | D:8      | Reached skill level 5 in Dodging
 11623 | D:8      | Reached XP level 11. HP: 57/89 MP: 19/24
 11897 | D:8      | Identified the flux talisman of Ravioli {rC- Int+8 Slay-5
                  | SInv}
 12587 | D:9      | Learned a level 4 spell: Flame Wave
 12786 | D:9      | Noticed a death yak
 12789 | D:9      | Noticed a death yak
 13350 | D:9      | Reached skill level 10 in Fire Magic
 13652 | D:9      | Reached **** piety under Vehumet
 13875 | D:9      | Noticed a death yak
 13885 | D:10     | Entered Level 10 of the Dungeon
 14218 | D:9      | Noticed a death yak
 14218 | D:9      | Noticed a death yak
 14236 | D:9      | Noticed a death yak
 14239 | D:9      | Noticed a death yak
 14239 | D:9      | Noticed a death yak
 14265 | D:8      | Killed a death yak
 14661 | D:9      | Found a broken altar of Ashenzari.
 14686 | D:9      | Found a staircase to the Lair.
 14756 | D:10     | Offered knowledge of Irradiate by Vehumet.
 15092 | D:10     | Found a sparkling altar of Nemelex Xobeh.
 15110 | D:10     | Reached skill level 10 in Spellcasting
 15233 | D:10     | Noticed Maurice
 15235 | D:10     | Maurice stole a ring of ice
 15239 | D:10     | Killed Maurice
 15240 | D:10     | Found a hide-covered altar of Uskayaw.
 15244 | D:10     | Noticed Maggie
 15272 | D:10     | Killed Maggie
 15644 | D:10     | Noticed Urug
 15657 | D:10     | Killed Urug
 15856 | D:10     | Found a hazy altar of Hepliaklqana.
 15859 | D:10     | Found an ornate altar of the Wu Jian Council.
 15862 | D:10     | Found an opulent altar of Gozag.
 16021 | D:11     | Noticed Fannar
 16137 | D:11     | Noticed a green ugly thing
 16142 | D:11     | Killed a green ugly thing
 16151 | D:11     | Reached XP level 12. HP: 72/97 MP: 8/26
 16348 | D:11     | Killed Fannar
 16349 | D:11     | Reached skill level 11 in Fire Magic
 16892 | D:11     | Noticed Harold
 16897 | D:11     | Noticed Lodul
 16898 | D:11     | Killed Harold
 16917 | D:11     | Killed Lodul
 17681 | D:11     | Found a staircase to the Orcish Mines.
 17693 | D:11     | Reached ***** piety under Vehumet
 17693 | D:11     | Offered knowledge of Starburst by Vehumet.
 18142 | D:11     | Learned a level 6 spell: Starburst
 18144 | Orc:1    | Entered Level 1 of the Orcish Mines
 18144 | Orc:1    | Noticed an orc warlord
 18806 | D:12     | Noticed a two-headed ogre
 18813 | D:12     | Killed a two-headed ogre
 19353 | D:12     | Noticed a two-headed ogre
 19358 | D:12     | Killed a two-headed ogre
 19651 | D:13     | Found a gate to the Vaults.
 19651 | D:13     | Noticed a vault guard
 19651 | D:13     | Noticed a vault guard
 19651 | D:13     | Noticed a vault guard
 19651 | D:13     | Noticed a vault guard
 19651 | D:13     | Noticed a vault guard
 19652 | D:13     | Noticed a vault guard
 19652 | D:13     | Noticed a vault guard
 19652 | D:13     | Noticed a vault guard
 19656 | D:13     | Killed a vault guard
 19657 | D:13     | Killed a vault guard
 19658 | D:13     | Reached skill level 12 in Fire Magic
 19660 | D:13     | Killed a vault guard
 19663 | D:13     | Killed a vault guard
 19693 | D:12     | Killed a vault guard
 19865 | D:12     | Identified a scroll of acquirement
 19868 | D:12     | Acquired a +6 ring of intelligence
 19929 | D:13     | Noticed a centaur warrior
 19930 | D:13     | Reached XP level 13. HP: 53/106 MP: 9/28
 21637 | D:13     | Found a large runed translucent door.
 21637 | D:13     | Found a large runed translucent door.
 21639 | D:13     | Noticed 00Nightcrawler's ghost (journeyman VSSh)
 23298 | D:14     | Found a runed translucent door.
 23301 | D:14     | Found a glowing silver altar of Zin.
 23443 | D:14     | Reached skill level 13 in Fire Magic
 23799 | D:14     | Found a huge runed translucent gate.
 23799 | D:14     | Found a huge runed translucent gate.
 23799 | D:14     | Found a huge runed translucent gate.
 23799 | D:14     | Found a huge runed translucent gate.
 23799 | D:14     | Found a huge runed translucent gate.
 23799 | D:14     | Found a huge runed translucent gate.
 23805 | D:14     | Found a huge runed translucent gate.
 23805 | D:14     | Found a huge runed translucent gate.
 23805 | D:14     | Found a huge runed translucent gate.
 23806 | D:14     | Found a huge runed translucent gate.
 23806 | D:14     | Found a huge runed translucent gate.
 23807 | D:14     | Found a huge runed translucent gate.
 23808 | D:14     | Found a huge runed translucent gate.
 23991 | D:14     | Noticed a fire giant
 24070 | D:14     | Found a huge runed translucent gate.
 24071 | D:14     | Found a huge runed translucent gate.
 24072 | D:14     | Found a huge runed translucent gate.
 24073 | D:14     | Found a huge runed translucent gate.
 24073 | D:14     | Found a huge runed translucent gate.
 24076 | D:14     | Found a huge runed translucent gate.
 24078 | D:14     | Found a huge runed translucent gate.
 24078 | D:14     | Found a huge runed translucent gate.
 24081 | D:14     | Found a huge runed translucent gate.
 24082 | D:14     | Found a huge runed translucent gate.
 24083 | D:14     | Found a huge runed translucent gate.
 24084 | D:14     | Found a huge runed translucent gate.
 24085 | D:14     | Found a huge runed translucent gate.
 24085 | D:14     | Found a huge runed translucent gate.
 24090 | D:14     | Found a huge runed translucent gate.
 24091 | D:14     | Found a huge runed translucent gate.
 24091 | D:14     | Found a huge runed translucent gate.
 24091 | D:14     | Found a huge runed translucent gate.
 24091 | D:14     | Found a huge runed translucent gate.
 24094 | D:14     | Found a huge runed translucent gate.
 24095 | D:14     | Found a huge runed translucent gate.
 24096 | D:14     | Found a huge runed translucent gate.
 24096 | D:14     | Found a huge runed translucent gate.
 24132 | D:14     | Found the dreamshard necklace {Acrobat *Dream}
 24132 | D:14     | Noticed a war gargoyle
 24132 | D:14     | Noticed an ettin
 24132 | D:14     | Noticed a tengu reaver
 24132 | D:14     | Noticed a storm dragon
 24132 | D:14     | Noticed a sphinx
 24132 | D:14     | Noticed a tengu reaver
 24132 | D:14     | Noticed an ettin
 24133 | D:14     | Noticed a tengu reaver
 24136 | D:14     | Noticed an ettin
 24239 | D:14     | Killed a tengu reaver
 24575 | D:13     | Killed a war gargoyle
 24575 | D:13     | Killed by an exploding war gargoyle... ignited by their
                  | inner flame

Illustrated notes

Levels and vault maps discovered:
D:1:      zaba_arrival_water, layout_loops_ring, minmay_close_crescents
D:2:      layout_rooms, nicolae_shop_vocational
D:3:      minmay_skewed_foursquare, layout_basic, mainiacjoe_overflow_alcove_1,
          nicolae_sif_muna_condensation, serial_shops, shop, roderic_lattice_a,
          uniq_grinder, uniq_pargi
D:4:      layout_rooms, minmay_temple_entry_ruins,
          minmay_fractal_squares_gapless_5, uniq_pikel, uniq_crazy_yiuf_cottage
D:5:      layout_loops_corners, lightli_ossuary_entry_decrepit_ruins
D:6:      layout_gridville, serial_shops, kennysheep_mini_moat
D:7:      layout_basic, lemuel_zombie_altar_kikubaaqudgha
D:8:      cheibrodos_ideogram_h, layout_loops_ring,
          mainiacjoe_overflow_small_starburst, nicolae_overflow_crystal_walls,
          uniq_amaemon
D:9:      minmay_imperfect_grid, layout_basic, mainiacjoe_overflow_24_doors,
          dpeg_lair_monsters, kennysheep_decorative_pillar
D:10:     layout_irregular_city, mainiacjoe_overflow_chevrons,
          grunt_temple_overflow_open, uniq_maurice, uniq_urug, uniq_maggie
D:11:     layout_rooms, minmay_orc_entry_temple_small, uniq_lodul, uniq_fannar,
          uniq_harold
D:12:     layout_roguey, the_hattery
D:13:     layout_basic, erik_vaults_2, ebering_ghost_disaster_area
D:14:     layout_cave_pools, serial_ice, serial_ice_f, serial_ice_n,
          serial_ice_c, serial_ice_g, basic_altar, minmay_st_funbox, door_vault
Temple:   jpeg_temple_clearing
Orc:1:    layout_diamond_mine

Skill      XL: |  1  2  3  4  5  6  7  8  9 10 11 12 13 |
---------------+----------------------------------------+-----
Dodging        | 2 3 4 5 6 7 |  7.0
Fighting       | 1 2 3 4 5 6 7 8 |  8.3
Shields        | 1 2 3 4 5 6 7 |  7.4
Spellcasting   | 3 4 5 6 7 9 10 11 12 | 12.5
Conjurations   | 2 3 4 5 6 7 |  7.9
Fire Magic     | 4 5 6 8 9 10 12 13 | 13.2
Hexes          | 1 2 3 |  3.6
Stealth        | |  1.7

Action                     |  1- 3 |  4- 6 |  7- 9 | 10-12 | 13-15 || total
---------------------------+-------+-------+-------+-------+-------++-------
  Melee: Dagger            |     3 |       |       |    19 |       ||    22
         Tailslap          |     1 |     1 |     2 |     4 |       ||     8
         Short sword       |     2 |     3 |    13 |     1 |       ||    19
         Unarmed           |       |       |       |       |     2 ||     2
   Cast: Foxfire           |    67 |   111 |   153 |   233 |    75 ||   639
         Scorch            |       |     4 |    99 |   123 |    37 ||   263
         Inner Flame       |       |       |    30 |   128 |    30 ||   188
         Flame Wave        |       |       |       |    30 |     4 ||    34
         Starburst         |       |       |       |    11 |    28 ||    39
Ability: Breathe Noxious F |       |       |    13 |    17 |     1 ||    31
  Evoke: Wand              |       |       |       |       |     2 ||     2
    Use: Potion            |     1 |       |     1 |     1 |     3 ||     6
         Scroll            |       |     4 |     3 |    14 |     2 ||    23
   Stab: Confused          |       |       |     1 |     1 |       ||     2
 Armour: Skin              |    14 |    23 |    62 |   174 |    56 ||   329
  Dodge: Dodged            |    17 |    11 |    36 |   104 |    24 ||   192
  Block: Buckler           |       |       |       |    14 |     7 ||    21
